 Dungeon Crawl Stone Soup version 0.17.1-2-g5865329 (webtiles) character file.

44 PossumBlood the Magician (level 3, 0/19 HPs)
             Began as a Deep Elf Wizard on Jan 21, 2016.
             Succumbed to Terence's poison
             ... on level 2 of the Dungeon.
             The game lasted 00:05:26 (1526 turns).

PossumBlood the Magician (Deep Elf Wizard)          Turns: 1526, Time: 00:05:26

Health: 0/19       AC:  2    Str:  4    XL:     3   Next: 39%
Magic:  0/10       EV: 12    Int: 23    God:
Gold:   72         SH:  0    Dex: 13    Spells: 5 memorised, 0 levels left

rFire  . . .     SeeInvis .     e - +0 short sword
rCold  . . .     Clarity  +     a - +0 robe
rNeg   . . .     SustAt   .     (no shield)
rPois  .         Gourm    .     b - +0 hat
rElec  .         Spirit   .     (no cloak)
rCorr  .         Warding  .     (no gloves)
rMut   .         Stasis   .     (no boots)
MR     .....                    k - amulet of clarity
Stlth  ++........               (no ring)
                                (no ring)

@: lethally poisoned (0 -> -39), not resistant to hostile enchantments,
unstealthy
A: no striking features
a: no special abilities


You were on level 2 of the Dungeon.
You were not hungry.

You visited 1 branch of the dungeon, and saw 2 of its levels.

You collected 72 gold pieces.

Inventory:

Hand Weapons
 e - a +0 short sword (weapon)
Armour
 a - a +0 robe (worn)
 b - a +0 hat (worn)
Jewellery
 k - an amulet of clarity (around neck)
Scrolls
 i - a scroll of recharging {unknown}
 j - a scroll of remove curse {unknown}
 l - a scroll of amnesia {unknown}
 m - a scroll of identify {unknown}
Potions
 f - 2 potions of haste {unknown}
 h - a potion of curing {unknown}
 n - a potion of degeneration {unknown}
Books
 c - a book of Minor Magic

   Spells                             Type                      Level
   a - Magic Dart                     Conjuration                  1
   b - Blink                          Translocation                2
   c - Call Imp                       Summoning                    2
   d - Repel Missiles                 Charms/Air                   2
   e - Slow                           Hexes                        2
   f - Conjure Flame                  Conjuration/Fire             3
   g - Mephitic Cloud                 Conjuration/Poison/Air       3
Comestibles
 d - a bread ration
 g - a meat ration


   Skills:
 - Level 2.4 Dodging
 - Level 2.4 Stealth
 - Level 4.4 Spellcasting
 * Level 3.7 Conjurations
   Level 1.1 Summonings
 - Level 1.1 Translocations


You couldn't memorise any spells.
You knew the following spells:

 Your Spells              Type           Power        Failure   Level  Hunger
a - Magic Dart            Conj           ###.         2%          1    None
b - Blink                 Tloc           N/A          12%         2    None
c - Repel Missiles        Chrm/Air       #.....       17%         2    None
d - Slow                  Hex            #.......     17%         2    None
e - Conjure Flame         Conj/Fire      ##......     17%         3    ##.....


Dungeon Overview and Level Annotations

Branches:
Dungeon (2/15)

Altars:
Gozag

Annotations:
D:2 Terence


Message History

You feel sick.
Terence hits you with a short sword of venom.
You are more poisoned.
Casting: Magic Dart
Confirm with . or Enter, or press ? or * to list all spells.
You don't have enough magic to cast that spell.
Unknown command.
Casting: Magic Dart
Confirm with . or Enter, or press ? or * to list all spells.
You don't have enough magic to cast that spell.
Unknown command.
You hit Terence but do no damage.
Terence is almost dead.
You feel sick.
Terence hits you with a short sword of venom.
* * * LOW HITPOINT WARNING * * *
You are more poisoned.
You hit Terence but do no damage.
Terence is almost dead.
You die...

#.<......##
#..
#.........# #
#.........#
#.#.........#
............#
# #.).......#
#.###...###.#
... ##..# #.#
...8 ##@# #.#
.....##@###.##
._...........#
.....#..###.##
...8 ##$# ...
... #. ..### #
..# ###


You could see Terence.

Vanquished Creatures
  A worm (D:2)
  2 giant geckos (D:1)
  4 bats
  4 giant cockroaches
  5 hobgoblins
  3 jackals (D:2)
  5 giant newts
  2 goblins (D:1)
  7 kobolds
  5 rats
38 creatures vanquished.

Notes
Turn   | Place    | Note
--------------------------------------------------------------
     0 | D:1      | PossumBlood the Deep Elf Wizard began the quest for the Orb.
     0 | D:1      | Reached XP level 1. HP: 10/10 MP: 7/7
   385 | D:1      | Reached XP level 2. HP: 15/15 MP: 5/9
   916 | D:1      | Reached XP level 3. HP: 19/19 MP: 2/10
  1352 | D:2      | Learned a level 2 spell: Blink
  1355 | D:2      | Learned a level 2 spell: Repel Missiles
  1358 | D:2      | Learned a level 2 spell: Slow
  1362 | D:2      | Learned a level 3 spell: Conjure Flame
  1507 | D:2      | Found an opulent altar of Gozag.
  1510 | D:2      | Noticed Terence
  1526 | D:2      | Succumbed to Terence's poison

Action                   || total
-------------------------++-------
Melee: Short sword       ||     2
 Cast: Magic Dart        ||    84
  Eat: Bread ration      ||     1
